 Dungeon Sprint DCSS version 0.31-a0-981-geadf994542 (webtiles) character file.

Game seed: 1998668390940085225

179 sircluck the Ruffian (level 5, -3/57 HPs)
             Began as a Troll Berserker on Nov 1, 2023.
             Was a High Priest of Trog.
             Slain by Grinder (5 damage)
             ... in the Dungeon (Sprint VII: "The Pits").
             The game lasted 00:00:32 (376 turns).

sircluck the Ruffian (Troll Berserker)               Turns: 376, Time: 00:00:32

Health: -3/57      AC:  4    Str: 27    XL:     5   Next: 33%
Magic:  4/4        EV: 11    Int:  3    God:    Trog [*****.]
Gold:   0          SH:  0    Dex:  9    Spells: 4/4 levels left

rFire   . .          .
                       - Unarmed
rCold   . . .        (no shield)
rNeg    . . .        a - +0 animal skin
rPois   .            (helmet restricted)
rElec   .            (no cloak)
rCorr   .            (gloves unavailable)
SInv    .            (boots unavailable)
Will    .....        (no amulet)
Stlth   +            (no ring)
HPRegen 1.09/turn    (no ring)
MPRegen 0.09/turn

%: no teleportation
@: no status effects
A: large, unfitting armour, claws 3, regeneration 1, shaggy fur 1, tough skin 1
a: Renounce Religion, Berserk, Trog's Hand, Brothers in Arms


You were in the Dungeon.
You worshipped Trog.
Trog was extremely pleased with you.
You visited 1 branch

Inventory:

Armour
 a - a +0 animal skin (worn)
Scrolls
 g - a scroll of blinking
 i - 2 scrolls of vulnerability
 j - a scroll of summoning
Potions
 b - 6 potions of curing
 c - 6 potions of heal wounds
 d - a potion of haste
 e - 4 potions of magic
 f - 3 potions of berserk rage
 h - 2 potions of invisibility


   Skills:
 + Level 5.2 Fighting
 + Level 4.1 Armour
 + Level 5.2 Dodging
 + Level 6.3 Unarmed Combat


You had 4 spell levels left.
You didn't know any spells.
Your spell library was empty.

Dungeon Overview and Level Annotations

Branches:
Dungeon (1/1)

Altars:
Ashenzari
Cheibriados
Dithmenos
Elyvilon
Fedhas
Gozag
Hepliaklqana
Kikubaaqudgha
Makhleb
Nemelex Xobeh
Okawaru
Qazlal
Ru
Sif Muna
Trog
Uskayaw
Vehumet
Wu Jian
Xom
Yredelemnul
Zin
The Shining One
Jiyva
Lugonu

Annotations:
D Grinder


Innate Abilities, Weirdness & Mutations

You are too large for most types of armour.
You have claws for hands.
Your natural rate of healing is unusually fast.
You are covered in fur. (AC +1)
You have tough skin. (AC +1)


Message History

You barely miss Jessica.
Jessica mumbles something strange.
Jessica closely misses you.
You scratch Jessica.
Jessica is heavily wounded.
Jessica gestures at you while chanting. Pain shoots through your body!
You scratch Jessica.
Jessica is almost dead.
Jessica hits you but does no damage. Jessica completely misses you.
You closely miss Jessica.
Jessica is almost dead.
Jessica barely misses you.
You mangle Jessica!!
You kill Jessica!
Trog accepts your kill.
Trog appreciates your killing of a magic user.
Your Armour skill increases to level 4!
You claw Grinder!
Grinder is moderately wounded.
You scratch Grinder but do no damage.
Grinder is moderately wounded.
Grinder hits you.
You writhe in agony.
You barely miss Grinder.
Grinder is moderately wounded.
Grinder hits you!
You writhe in agony.
You claw Grinder!
Grinder is heavily wounded.
Grinder hits you.
You writhe in agony.
* * * LOW HITPOINT WARNING * * *
You claw Grinder!
Grinder is severely wounded.
Grinder gestures at you. Pain shoots through your body!
* * * LOW HITPOINT WARNING * * *
You scratch Grinder but do no damage.
Grinder is severely wounded.
Grinder hits you.
You die...
Grinder says, "Now the real fun starts!"

#_________.#
#_________.#
#_______...#######
##########'##.....
#.?(.')))'.##.....
##########.##.....
#..........†'.....
#'#####'#####.....
#@#..#).#[[##.....
#5#..†..#))#####'#
#.#..####))##.....
#{#..#..#))##.....
#)#..#..#..##.....
#)##'#†.#'###...<.
#.#........##.....
#.#...)....##.....
#'###########.....


You could see Grinder.

Vanquished Creatures
  A sky beast (D)
  A hound (D)
  Jessica (D)
  An adder (D)
  An ufetubus (D)
  4 orcs (D)
  A ball python (D)
  A bat skeleton (D)
  A bat zombie (D)
  An endoplasm (D)
  A goblin (D)
  4 jackals (D)
  A frilled lizard (D)
  A rat (D)
20 creatures vanquished.

Notes
Turn   | Place    | Note
-------+----------+-------------------------------------------
     0 | D        | sircluck the Troll Berserker began the quest for the Orb.
     0 | D        | Reached XP level 1. HP: 22/22 MP: 0/0
    20 | D        | Reached ** piety under Trog
    37 | D        | Found a bloodstained altar of Trog.
    37 | D        | Found a shimmering blue altar of Sif Muna.
    37 | D        | Found a viscous altar of Jiyva.
    37 | D        | Found a hazy altar of Hepliaklqana.
    37 | D        | Found an opulent altar of Gozag.
    39 | D        | Found a glowing golden altar of the Shining One.
    39 | D        | Found a glowing silver altar of Zin.
    39 | D        | Found a basalt altar of Yredelemnul.
    39 | D        | Found a shimmering altar of Xom.
    39 | D        | Found an ornate altar of the Wu Jian Council.
    39 | D        | Found a sacrificial altar of Ru.
    39 | D        | Found a stormy altar of Qazlal.
    39 | D        | Found an iron altar of Okawaru.
    39 | D        | Found a sparkling altar of Nemelex Xobeh.
    39 | D        | Found a burning altar of Makhleb.
    39 | D        | Found a blossoming altar of Fedhas.
    39 | D        | Found a white marble altar of Elyvilon.
    39 | D        | Found a shadowy altar of Dithmenos.
    39 | D        | Found a snail-covered altar of Cheibriados.
    43 | D        | Found a corrupted altar of Lugonu.
    43 | D        | Found a radiant altar of Vehumet.
    44 | D        | Found a broken altar of Ashenzari.
    44 | D        | Found an ancient bone altar of Kikubaaqudgha.
    44 | D        | Found a hide-covered altar of Uskayaw.
   107 | D        | Reached XP level 2. HP: 31/31 MP: 1/1
   114 | D        | Reached *** piety under Trog
   130 | D        | Reached skill level 1 in Armour
   130 | D        | Reached skill level 4 in Unarmed Combat
   131 | D        | Reached **** piety under Trog
   188 | D        | Noticed a sky beast
   203 | D        | Killed a sky beast
   204 | D        | Reached skill level 5 in Unarmed Combat
   204 | D        | Reached XP level 3. HP: 24/40 MP: 2/2
   204 | D        | Reached XP level 4. HP: 30/49 MP: 3/3
   341 | D        | Reached XP level 5. HP: 49/55 MP: 4/4
   344 | D        | Reached ***** piety under Trog
   348 | D        | Reached skill level 6 in Unarmed Combat
   350 | D        | Reached skill level 5 in Fighting
   355 | D        | Reached skill level 5 in Dodging
   355 | D        | Noticed Grinder
   355 | D        | Noticed Jessica
   370 | D        | Killed Jessica
   375 | D        | HP: 1/57 [Grinder/nerve-wracking pain (14)]
   376 | D        | Slain by Grinder

Illustrated notes

Levels and vault maps discovered:
D:        pitsprint [storerooms_1, entrance_room_1, metal_vault_1, armoury_1,
          mini_pit_1, grid_room_1, main_hall_1, silver_pit, the_coven_2,
          the_vestibule_1, steel_vault_4, golden_pit, hallway_of_sentries,
          crystal_vault_5, iron_vault_1, final_vault]

Skill      XL: |  1  2  3  4  5 |
---------------+----------------+-----
Fighting       | 3 4 5 |  5.2
Dodging        | 3 4 5 |  5.2
Armour         | 3 4 |  4.1
Unarmed Combat | 5 6 |  6.3

Action                     |  1- 3 |  4- 6 || total
---------------------------+-------+-------++-------
  Melee: Unarmed           |    41 |    27 ||    68
         Punch             |     1 |       ||     1
 Armour: Animal skin       |    38 |    21 ||    59
  Dodge: Dodged            |    30 |    16 ||    46

Table legend: (Time is in decaauts)
 A = Elapsed time spent in this place.
 B = Non-inter-level travel time spent in this place.
 C = Inter-level travel time spent in this place.
 D = Time resting spent in this place.
 E = Time spent auto-exploring this place.
 F = Levels seen in this place.
 G = Mean time per level.
                   A        B        C        D        E       F      G
               +--------+--------+--------+--------+--------+-----+--------+
         Total |    370 |    370 |      0 |    118 |     58 |   1 |  370.0 |
       Dungeon |    370 |    370 |      0 |    118 |     58 |   1 |  370.0 |
               +--------+--------+--------+--------+--------+-----+--------+

Top non-repeatable levels by time:
       D: 370 daAuts
